 Dungeon Crawl Stone Soup version 0.01-2087-gb5e28fc70b (webtiles) character file.

Game seed: 18178463460515178809, levelgen mode: deterministic

29 diana the Unbeliever (level 3, 20/25 HPs) Lignifite Demonspawn. Began on May 28, 2020. Quit the game on level 1 of the Dungeon. The game lasted 00:01:16 (301 turns).

diana the Unbeliever (Lignifite Demonspawn)          Turns: 301, Time: 00:01:16

Health: 20/25      AC:  1    Str: 20    XL:     3 ^: 55
Magic:  7/7        EV: 16    Int: 13    God:
Gold:   22         SH:  2    Dex:  7    Spells: 5/6 levels left

rFire    x . .     Vision   .   a - +0 flail
rCold    + . .     Gourm    .   (weapon restricted)
rNeg     . . .     Faith    .   b - +0 robe
rPois    +         Spirit   .   (helmet restricted)
rElec    .         Reflect  .   (no cloak)
rCorr    .         Harm     .   (gloves unavailable)
MR       .....                  (boots unavailable)
Stlth    +.........             (no amulet)
HPRegen  0.18/turn              (no ring)
MPRegen  0.17/turn              (no ring)

@: quick
A: very small, rF-, antennae 1, cold resistance 1, deformed body, speed 1,
poison resistance, slow metabolism 1, torment resistance, plant, rot immunity
a: no special abilities


You were on level 1 of the Dungeon.
You were not hungry.

You visited 1 branch of the dungeon, and saw 1 of its levels.

You collected 22 gold pieces.

Inventory:

Weapons
 a - a +0 flail (weapon) Shields
 e - a +0 heater shield
Armour
 b - a +0 robe (worn)
Scrolls
 c - 3 scrolls of fog
Potions
 f - a potion of cancellation
Comestibles
 d - 3 rations
 g - 3 chunks of flesh


   Skills:
 + Level 2.7 Fighting
 + Level 3.0 Whips & Flails
 - Level 2.6 Dodging
 - Level 1.7 Stealth
 - Level 2.1 Spellcasting
   Level 3.0 Invocations


You had 5 spell levels left.
You knew the following spells:

 Your Spells              Type           Power        Failure   Level  Hunger
a - Flame Tongue          Fire           1 (40)       26%         1    ##.....

Your spell library contained the following spells:

 Spells                   Type           Power        Failure   Level  Hunger
 Blink                    Tloc           N/A          36%         2    ###....
 Call Imp                 Summ           1 (100)      36%         2    ###....
 Slow                     Hex            1 (100)      36%         2    ###....
 Conjure Flame            Fire           1 (100)      58%         3    ####...
 Mephitic Cloud           Pois/Air       1 (100)      58%         3    ####...


Dungeon Overview and Level Annotations

Branches:
Dungeon (1/8)

Altars:


Innate Abilities, Weirdness & Mutations

Your woody flesh burns easily. (rF-)
A tangle of shorter branches protects your body from attack. (+2 SH)
You are very small and have problems with some larger weapons.
You are too small for most types of armour.
You have a pair of small antennae on your head.
You are cold resistant. (rC+)
Armour fits poorly on your strangely shaped body.
You cover ground quickly.
Your system is resistant to poisons. (rPois)
You have a slow metabolism.
You are immune to unholy pain and torment.
You require very little carbon dioxide to survive.
You are immune to rotting.


Message History

You barely miss the orc.
The orc is heavily wounded. (4/7) HP The orc closely misses you (0).
You hit the orc (5).
You kill the orc!
You hit the ooze (3).
The ooze is moderately wounded. (7/10) HP You hit the ooze (2).
The ooze is heavily wounded. (5/10) HP The ooze closely misses you (0).
You sock the ooze (7)!
You kill the ooze!
Your Whips & Flails skill increases to level 3!
You have reached level 3!
Your experience leads to an increase in your attributes!
Increase (S)trength, (I)ntelligence, or (D)exterity?
You feel stronger.
Your branches grow thicker.
Your demonic ancestry asserts itself...
A pair of antennae grows on your head!
Are you sure you want to abandon this character and quit the game? (Confirm with "yes".)

###.# #.# ....### #..
..g..####.# .8.8#.##.# # #
..... #.#.# #.#.#.#.###.#.#
#....#.##..#.#
#...##)##.#...# #..#
#.#@)##†.## #. #######.## #.
.. ........# .. #.#
.###.#..# .# #.#.# #....# .#
#.#.# # ####.# .# #.#.# .#
#.# .# #.#.##.######.#######
.#######...................#


There were no monsters in sight!

Vanquished Creatures
  An ooze (D:1)
  3 orcs (D:1)
  4 bats (D:1)
  3 hobgoblins (D:1)
  A ball python (D:1)
  A frilled lizard (D:1)
  6 goblins (D:1)
  A kobold (D:1)
  2 rats (D:1)
22 creatures vanquished.

Notes
Turn   | Place    | Note
-------+----------+-------------------------------------------
     0 | D:1      | diana the Lignifite Demonspawn began the quest for the Orb.
     0 | D:1      | Reached XP level 1. HP: 12/12 MP: 4/4
   171 | D:1      | Gained mutation: You are cold resistant. (rC+) [demonic
                  | ancestry]
   171 | D:1      | Reached XP level 2. HP: 19/19 MP: 6/6
   300 | D:1      | Gained mutation: You have a pair of small antennae on your
                  | head. [demonic ancestry]
   300 | D:1      | Reached XP level 3. HP: 20/25 MP: 7/7
   301 | D:1      | Quit the game

Levels and vault maps discovered:
D:1:      grunt_arrival_crossed_arrows, layout_loops_cross, first_ration,
          minmay_hedge_maze, guppyfry_early_orc_mine

Skill      XL: |  1  2 |
---------------+-------+-----
Whips & Flails | 3 |  3.0
Fighting       | |  2.7
Dodging        | |  2.6
Stealth        | |  1.7
Spellcasting   | |  2.1
Invocations    | |  3.0

Action                   || total
-------------------------++-------
Melee: Flail             ||    77
       Unarmed           ||    57
Armor: Robe              ||    11
Dodge: Dodged            ||   106
